 Dungeon Crawl Stone Soup version 0.25-a0-458-g6fc7858b95 (webtiles) character file.

Game seed: 12501223579823949109, levelgen mode: deterministic

242 mopl the Cleaver (level 6, -5/51 HPs)
             Began as a Hill Orc Monk on Feb 3, 2020.
             Slain by an iguana (7 damage)
             ... on level 4 of the Dungeon.
             The game lasted 00:03:41 (2368 turns).

mopl the Cleaver (Hill Orc Monk)                    Turns: 2368, Time: 00:03:41

Health: -5/51      AC:  9    Str: 16    XL:     6   Next: 9%
Magic:  6/6        EV:  2    Int: 10    God:
Gold:   149        SH: 11    Dex: 13    Spells: 5/5 levels left

rFire    . . .     SeeInvis .   a - +0 war axe
rCold    . . .     Gourm    .   s - +0 large shield
rNeg     . . .     Faith    .   m - +0 chain mail
rPois    .         Spirit   .   (no helmet)
rElec    .         Reflect  .   o - +0 cloak
rCorr    .         Harm     .   (no gloves)
MR       .....                  (no boots)
Stlth    ..........             (no amulet)
HPRegen  0.17/turn              (no ring)
MPRegen  0.10/turn              (no ring)

@: no status effects
A: no striking features
a: no special abilities


You were on level 4 of the Dungeon.
You were not hungry.

You visited 1 branch of the dungeon, and saw 4 of its levels.

You collected 149 gold pieces.

Inventory:

Hand Weapons
 a - a +0 war axe (weapon)
Missiles
 l - 7 poisoned darts (quivered)
Armour
 j - a +0 buckler
 m - a +0 chain mail (worn)
 o - a +0 cloak (worn)
 s - a +0 large shield (worn)
Jewellery
 k - an uncursed ring of flight
Scrolls
 e - 3 scrolls of immolation {unknown}
 i - 2 scrolls of remove curse {unknown}
 n - a scroll of magic mapping {unknown}
 p - a scroll of enchant armour {unknown}
 q - a scroll of teleportation {unknown}
 r - a scroll of fear {unknown}
 t - a scroll of enchant weapon {unknown}
Potions
 b - a potion of haste
 d - 5 potions of magic {unknown}
 f - 6 potions of curing
 g - a potion of flight
 h - a potion of brilliance
 u - a potion of agility {unknown}
 v - a potion of ambrosia
 x - a potion of cancellation {unknown}
Comestibles
 c - 9 rations
 w - 7 chunks of flesh


   Skills:
 - Level 3.6 Fighting
 + Level 8.7 Axes
 - Level 2.4 Dodging
 - Level 1.5 Stealth


You had 5 spell levels left.
You didn't know any spells.
Your spell library was empty.

Dungeon Overview and Level Annotations

Branches:
Dungeon (4/15)             Temple (0/1) D:4

Altars:

Annotations:
D:3 1 runed translucent door, mopl's ghost, amateur TrAM


Message History

The iguana bites you.
* * * LOW HITPOINT WARNING * * *
Your shield and chain mail prevent you from hitting the iguana.
The iguana is moderately wounded.
You block the iguana's attack.
You hit the iguana but do no damage.
The iguana is moderately wounded.
The iguana bites you.
* * * LOW HITPOINT WARNING * * *
You hit the iguana.
The iguana is heavily wounded.
The iguana bites you!
* * * LOW HITPOINT WARNING * * *
Your chain mail prevents you from hitting the iguana.
The iguana is heavily wounded.
You block the iguana's attack. x2
You hit the iguana but do no damage.
The iguana is heavily wounded.
The iguana bites you!
You die...

#........g.#..#
##########.#..#
.. #.#..# #l
#.#..# #.
#.#..# #.
#.#g.# #.
#....#
#(#####.##
#((÷l@..#
#########


You could see an iguana.

Vanquished Creatures
  A scorpion (D:3)
  A howler monkey (D:4)
  A hound skeleton (D:4)
  4 gnolls
  An adder (D:2)
  An ooze (D:1)
  A worm (D:2)
  A dart slug (D:1)
  4 leopard geckos
  7 orcs (D:3)
  4 giant cockroaches
  5 goblins
  11 hobgoblins
  2 jackals (D:3)
  6 kobolds
  4 ball pythons (D:3)
  9 bats
  3 frilled lizards
  A quokka skeleton (D:4)
  13 rats
80 creatures vanquished.

Vanquished Creatures (others)
  A withered plant (D:3)
1 creature vanquished.

Grand Total: 81 creatures vanquished

Notes
Turn   | Place    | Note
-------+----------+-------------------------------------------
     0 | D:1      | mopl the Hill Orc Monk began the quest for the Orb.
     0 | D:1      | Reached XP level 1. HP: 19/19 MP: 1/1
    36 | D:1      | Reached XP level 2. HP: 15/26 MP: 2/2
   124 | D:1      | Reached skill level 5 in Axes
   380 | D:1      | Reached XP level 3. HP: 30/31 MP: 3/3
   814 | D:2      | Reached skill level 6 in Axes
  1178 | D:2      | Reached XP level 4. HP: 38/39 MP: 4/4
  1648 | D:3      | Reached skill level 7 in Axes
  1648 | D:3      | Reached XP level 5. HP: 20/45 MP: 5/5
  2085 | D:3      | Found a runed translucent door.
  2085 | D:3      | Noticed mopl's ghost (amateur TrAM)
  2224 | D:4      | Found a staircase to the Ecumenical Temple.
  2240 | D:4      | Reached skill level 8 in Axes
  2347 | D:4      | Reached XP level 6. HP: 13/51 MP: 6/6
  2366 | D:4      | HP: 2/51 [iguana (8)]
  2368 | D:4      | Slain by an iguana

Levels and vault maps discovered:
D:1:      lightli_arrival_noodles, layout_basic, minmay_misc_feat_room
D:2:      layout_basic
D:3:      cheibrodos_old_hovel, layout_rooms, gammafunk_ghost_grave,
          first_ration
D:4:      layout_basic, nicolae_qazlal_eye_of_the_storm,
          minmay_temple_entry_drinking_statues, portal_sewer_entry_e

Skill      XL: |  1  2  3  4  5 |
---------------+----------------+-----
Axes           | 5 6 7 8 |  8.7
Fighting       | |  3.6
Dodging        | |  2.4
Stealth        | |  1.5

Action                   |  1- 3 |  4- 6 || total
-------------------------+-------+-------++-------
Melee: Hand axe          |   131 |   130 ||   261
       War axe           |       |    68 ||    68
Throw: Dart              |       |     3 ||     3
  Use: Scroll            |     4 |     1 ||     5
 Stab: Sleeping          |     1 |       ||     1
  Eat: Chunk             |     1 |     4 ||     5
Armor: Ring mail         |    19 |       ||    19
       Robe              |     3 |       ||     3
       Chain mail        |    41 |   119 ||   160
Dodge: Dodged            |    74 |    24 ||    98
Block: Buckler           |     9 |    21 ||    30
       Large shield      |       |    62 ||    62

Table legend:
 A = Non-vault XP
 B = Vault XP
 C = Vault XP percentage of total XP
 D = Non-vault monster count
 E = Vault monster count
 F = Vault count percentage of total count
                 A         B        C        D         E       F
            +---------+---------+-------+---------+---------+-------
      Total |     346 |       1 |   0.3 |      79 |       1 |   1.2
            +---------+---------+-------+---------+---------+-------
        D:1 |      39 |       0 |   0.0 |      19 |       0 |   0.0
        D:2 |      48 |       0 |   0.0 |      22 |       0 |   0.0
        D:3 |     138 |       1 |   0.7 |      32 |       1 |   3.0
        D:4 |     121 |       0 |   0.0 |       6 |       0 |   0.0
            +---------+---------+-------+---------+---------+-------
